 Dungeon Crawl Stone Soup version 0.25.0-9-g26727b657a (webtiles) character file.

Game seed: 15830972413112683899

219 MisterFreud the Sneak (level 5, -8/24 HPs)
             Began as a Spriggan Summoner on June 18, 2020.
             Was an Initiate of Nemelex Xobeh.
             Shot with an arrow by a centaur (13 damage)
             ... on level 5 of the Dungeon.
             The game lasted 00:20:26 (6043 turns).

MisterFreud the Sneak (Spriggan Summoner)           Turns: 6043, Time: 00:20:26

Health: -8/24      AC:  2    Str:  5    XL:     5   Next: 63%
Magic:  7/11       EV: 18    Int: 16    God:    Nemelex Xobeh [......]
Gold:   418        SH:  5    Dex: 17    Spells: 8/11 levels left

rFire    . . .     SeeInvis +   t - +0 short sword
rCold    . . .     Gourm    .   (shield restricted)
rNeg     . . .     Faith    .   a - +0 robe
rPois    .         Spirit   .   (helmet restricted)
rElec    .         Reflect  +   (no cloak)
rCorr    .         Harm     .   (gloves unavailable)
MR       .....                  (boots unavailable)
Stlth    +++.......             f - amulet of reflection
HPRegen  0.08/turn              (no ring)
MPRegen  0.12/turn              (no ring)

@: very quick
A: very small, unfitting armour, see invisible, herbivore, speed 3, slow
metabolism 2
a: Draw Escape, Draw Destruction, Draw Summoning, Renounce Religion


You were on level 5 of the Dungeon.
You worshipped Nemelex Xobeh.
Nemelex Xobeh was noncommittal.
You were near starving.

You visited 1 branch of the dungeon, and saw 6 of its levels.

You collected 418 gold pieces.

Inventory:

Hand Weapons
 j - a +4 quarterstaff of chaos
 t - a +0 short sword (weapon)
 A - a +5 long sword of freezing
Missiles
 b - 85 sling bullets
 d - 216 stones (quivered)
 l - 46 bolts
 m - 6 poisoned darts
 n - 20 arrows
Armour
 a - a +0 robe (worn)
 y - a +0 cloak
Jewellery
 f - an amulet of reflection (around neck)
Wands
 x - a wand of random effects (19)
 D - a wand of paralysis (6)
Scrolls
 e - a scroll of enchant weapon {unknown}
 g - 2 scrolls of enchant armour {unknown}
 i - 3 scrolls of fear {unknown}
 p - 2 scrolls of magic mapping {unknown}
 q - 2 scrolls of remove curse {unknown}
 r - 5 scrolls of teleportation {unknown}
 s - a scroll of blinking {unknown}
 u - a scroll of fog {unknown}
Potions
 h - 4 potions of heal wounds
 o - 2 potions of mutation
 v - 2 potions of haste
 w - a potion of lignification
 z - a potion of brilliance
 B - a potion of stabbing
 C - a potion of might {unknown}
Comestibles
 c - 5 rations


   Skills:
 + Level 4.1 Short Blades
 - Level 3.0 Dodging
 - Level 6.0 Stealth
 + Level 3.8 Spellcasting
 - Level 3.2 Summonings


You had 8 spell levels left.
You knew the following spells:

 Your Spells              Type           Power        Failure   Level  Hunger
a - Summon Small Mammal   Summ           ##..         4%          1    None
b - Call Imp              Summ           ##......     7%          2    ##.....

Your spell library contained the following spells:

 Spells                   Type           Power        Failure   Level  Hunger
 Call Canine Familiar     Summ           ##......     14%         3    ###....
 Animate Skeleton         Necr           N/A          17%         1    None
 Apportation              Tloc           #.....       17%         1    None
 Corona                   Hex            #......      17%         1    None
 Summon Guardian Golem    Hex/Summ       #.......     26%         3    ###....
 Summon Ice Beast         Ice/Summ       #.......     65%         4    ####...
 Summon Lightning Spire   Summ/Air       #.......     65%         4    ####...


Dungeon Overview and Level Annotations

Branches:
Dungeon (6/15)             Temple (0/1) D:4

Altars:
Cheibriados
Nemelex Xobeh
Okawaru
Ru

Shops:
D:5 =


Innate Abilities, Weirdness & Mutations

You are very small and have problems with some larger weapons.
You are too small for most types of armour.
You have supernaturally acute eyesight. (SInv)
You are a herbivore.
You cover ground extremely quickly.
You need to consume almost no food.


Message History

The centaur misses you.
Casting: Call Imp (safe; 7% risk of failure)
Confirm with . or Enter, or press ? or * to list all spells.
A shadowy apparition takes form in the air.
The centaur hits you!
Casting: Call Imp (safe; 7% risk of failure)
Confirm with . or Enter, or press ? or * to list all spells.
A metallic apparition takes form in the air.
The centaur hits you!
* * * LOW HITPOINT WARNING * * *
You block the centaur's attack.
The centaur wields a +0 shortbow.
The centaur shoots an arrow.
The arrow hits your shadow imp!
Your shadow imp gestures at the centaur.
The centaur struggles to resist.
There is a stone staircase leading up here.
The centaur shoots an arrow.
The arrow hits you!
Ouch! That really hurt!
You die...
Your body disappears without a glow.

..##..#.##..##.).<.######
..##..#.#...........#
......#.#.∩..###...##
#.......#....# ##.##
####.######### #.#
#........# #.# #.##.###.#
##+## #.##.# #.# ##..5##
#. #.##.###.# ##.@..c# #.
#.##.....# ##...5#+# # #.
#.####...####.....# .#
.##
#.###.......+.....###.+
...
#........####.........#
#.# #######.##
##.......## #.# #.#
##.....## #.# #.# ##...##
#.# #.# ##'## #.#


You could see a centaur, a friendly iron imp (summoned) and a friendly shadow
imp (summoned).

Vanquished Creatures
  A scorpion (D:4)
  An adder skeleton (D:4)
  2 worms (D:3)
  4 orcs
  A giant cockroach (D:3)
  2 hobgoblins
  3 jackals
  A quokka (D:4)
  3 bats
  4 frilled lizards
  A kobold (D:2)
  2 rats (D:2)
25 creatures vanquished.

Vanquished Creatures (collateral kills)
  Crazy Yiuf (D:2)
  An orc wizard (D:5)
  An orc priest (D:4)
  3 worker ants
  4 adders
  A worm (D:4)
  A dart slug (D:2)
  2 leopard geckos (D:3)
  5 orcs
  2 giant cockroaches
  7 hobgoblins
  8 jackals
  6 kobolds
  A bat (D:2)
  A frilled lizard (D:1)
  2 rats
46 creatures vanquished.

Grand Total: 71 creatures vanquished

Notes
Turn   | Place    | Note
-------+----------+-------------------------------------------
     0 | D:1      | MisterFreud the Spriggan Summoner began the quest for the
                  | Orb.
     0 | D:1      | Reached XP level 1. HP: 9/9 MP: 5/5
   355 | D:1      | Reached skill level 4 in Stealth
   601 | D:1      | Reached XP level 2. HP: 12/13 MP: 4/6
   909 | D:2      | Reached skill level 5 in Stealth
   913 | D:2      | Learned a level 2 spell: Call Imp
   960 | D:2      | Found an iron altar of Okawaru.
  1251 | D:2      | Reached XP level 3. HP: 16/16 MP: 1/8
  2053 | D:2      | Found a runed translucent door.
  2054 | D:2      | Noticed Crazy Yiuf
  2125 | D:2      | Found a snail-covered altar of Cheibriados.
  2313 | D:2      | Killed Crazy Yiuf
  2313 | D:2      | Reached skill level 6 in Stealth
  2313 | D:2      | Reached skill level 1 in Short Blades
  3117 | D:3      | Reached XP level 4. HP: 10/21 MP: 4/9
  3541 | D:3      | Found a sparkling altar of Nemelex Xobeh.
  3585 | D:3      | Became a worshipper of Nemelex Xobeh the Trickster
  3689 | D:4      | Received a gift from Nemelex Xobeh
  3720 | D:4      | Found a staircase to the Ecumenical Temple.
  4304 | D:4      | Found a sacrificial altar of Ru.
  4702 | D:4      | Reached XP level 5. HP: 24/24 MP: 10/10
  4804 | D:5      | Entered Level 5 of the Dungeon
  4804 | D:5      | Noticed a centaur
  5654 | D:5      | Found Zouner's Jewellery Shop.
  6043 | D:5      | Shot with an arrow by a centaur

Illustrated notes

Levels and vault maps discovered:
D:1:      mrwooster_arrival_arrow, layout_rooms
D:2:      layout_basic, old_standard_altar, kennysheep_slug_shrine,
          first_ration, uniq_crazy_yiuf_cottage
D:3:      layout_loops_ring, lemuel_coloured_pillars_altar, minmay_cut_off
D:4:      layout_rooms, nicolae_ru_the_path_less_chosen,
          chequers_temple_overflow_minitemple, minmay_temple_entry_slanted
D:5:      layout_loops_corners, kennysheep_mini, serial_shops, shop_coins,
          uniq_pikel
D:6:      layout_gridville, elyvilon_altar_5, ebering_ghost_reflecting_pool,
          serial_shops, nicolae_shop_waterfront, lexackson_kobold_supper

Skill      XL: |  1  2  3  4  5 |
---------------+----------------+-----
Stealth        | 4 5 6 |  6.0
Short Blades   | 2 3 4 |  4.1
Spellcasting   | 3 |  3.8
Dodging        | |  3.0
Summonings     | |  3.2

Action                   |  1- 3 |  4- 6 || total
-------------------------+-------+-------++-------
Melee: Club              |    39 |       ||    39
       Short sword       |    28 |    90 ||   118
Throw: Stone             |    29 |       ||    29
 Cast: Summon Small Mamm |    22 |       ||    22
       Call Imp          |    25 |    23 ||    48
Invok: Draw Destruction  |       |     1 ||     1
Evoke: Wand              |       |     3 ||     3
  Use: Scroll            |     5 |     2 ||     7
       Potion            |       |     1 ||     1
 Stab: Sleeping          |     8 |     4 ||    12
       Distracted        |     1 |     1 ||     2
  Eat: Ration            |       |     2 ||     2
Armor: Robe              |     7 |     9 ||    16
Dodge: Dodged            |    53 |    83 ||   136
Block: Other             |    26 |    22 ||    48
       Reflection        |     3 |       ||     3
